 Dungeon Crawl Stone Soup version 0.28.0-1-gb440e238dd (webtiles) character file.

Game seed: 12556295771326589941

165 issech the Cudgeller (level 5, 0/53 HPs)
             Began as a Troll Monk on Feb 26, 2022.
             Slain by Pargi (6 damage)
             ... in a sewer.
             The game lasted 00:09:02 (2074 turns).

issech the Cudgeller (Troll Monk)                   Turns: 2074, Time: 00:09:03

Health: 0/53       AC:  4    Str: 19    XL:     5   Next: 21%
Magic:  4/4        EV: 10    Int:  6    God:
Gold:   141        SH:  0    Dex: 14    Spells: 4/4 levels left

rFire   . . .      SeeInvis .   a - +0 mace
rCold   . . .      Faith    .   (no shield)
rNeg    . . .      Spirit   .   b - +0 robe
rPois   .          Reflect  .   (helmet restricted)
rElec   .          Harm     .   (no cloak)
rCorr   .          Rampage  .   (gloves unavailable)
Will    .....                   (boots unavailable)
Stlth   ++........              j - amulet of the acrobat
HPRegen 0.97/turn               (no ring)
MPRegen 0.09/turn               (no ring)

@: no status effects
A: large, unfitting armour, claws 3, regeneration 1, shaggy fur 1, tough skin 1
a: no special abilities


You were in a sewer.
You visited 1 branch of the dungeon, and saw 4 of its levels.
You also visited: Sewer.

You collected 141 gold pieces.

Inventory:

Hand Weapons
 a - a +0 mace (weapon)
Missiles
 c - 27 arrows
 e - 79 stones
 i - 4 javelins
 m - 2 curare-tipped darts
 n - 25 sling bullets
 q - 17 bolts
Armour
 b - a +0 robe (worn)
Jewellery
 j - an amulet of the acrobat (around neck)
Wands
 u - a wand of flame (1) (quivered)
Scrolls
 d - 4 scrolls of identify {unknown}
 f - 2 scrolls of teleportation {unknown}
 k - 2 scrolls of vulnerability {unknown}
 o - a scroll of holy word {unknown}
 p - a scroll of fear {unknown}
 r - a scroll of immolation {unknown}
 v - a scroll of enchant armour {unknown}
Potions
 g - a potion of lignification {unknown}
 h - a potion of mutation {unknown}
 l - 2 potions of haste
 s - a potion of brilliance {unknown}
 t - 2 potions of invisibility {unknown}


   Skills:
 + Level 3.1 Fighting
 + Level 4.2 Maces & Flails
 + Level 3.1 Dodging
 + Level 1.2 Stealth


You had 4 spell levels left.
You didn't know any spells.
Your spell library contained the following spells:

 Spells                   Type           Power      Damage    Failure   Level
 Apportation              Tloc           0%         N/A       45%         1
 Airstrike                Air            0%         N/A       99%         4
 Summon Lightning Spire   Summ/Air       0%         N/A       99%         4
 Alistair's Intoxication  Tmut/Pois      0%         N/A       100%        5
 Lightning Bolt           Conj/Air       0%         1d11      100%        5


Dungeon Overview and Level Annotations

Branches:
Dungeon (4/15)             Temple (0/1) D:4           Sewer (1/1)

Altars:

Annotations:
Sewer Pargi


Innate Abilities, Weirdness & Mutations

You are too large for most types of armour.
You have claws for hands.
Your natural rate of healing is unusually fast.
You are covered in fur. (AC +1)
You have tough skin. (AC +1)


Message History

Aim: Pargi (moderately wounded, 60% to hit)
The puff of flame misses Pargi.
Pargi bites you. Pargi claws you. Pargi claws you but does no damage.
Unknown command.
Aiming: Throw Flame
Press: ? - help, Q - select action, (/) - cycle Shift-Dir - straight line, f/p - Pargi
Aim: Pargi (moderately wounded, 60% to hit)
The puff of flame hits Pargi!
Pargi is heavily wounded.
Pargi bites you. Pargi claws you but does no damage. Pargi claws you.
Aiming: Throw Flame
Press: ? - help, Q - select action, (/) - cycle Shift-Dir - straight line, f/p - Pargi
Aim: Pargi (heavily wounded, 60% to hit)
The puff of flame hits Pargi.
Pargi is severely wounded.
Pargi bites you. Pargi closely misses you. Pargi barely misses you.
Aiming: Throw Flame
Press: ? - help, Q - select action, (/) - cycle Shift-Dir - straight line, f/p - Pargi
Aim: Pargi (severely wounded, 60% to hit)
The puff of flame hits Pargi.
Pargi is severely wounded.
Pargi bites you. Pargi claws you but does no damage. Pargi claws you.
Aiming: Throw Flame
Press: ? - help, Q - select action, (/) - cycle Shift-Dir - straight line, f/p - Pargi
Aim: Pargi (severely wounded, 60% to hit)
The puff of flame misses Pargi.
Pargi bites you.
* * * LOW HITPOINT WARNING * * *
Pargi claws you.
* * * LOW HITPOINT WARNING * * *
Pargi claws you.
* * * LOW HITPOINT WARNING * * *
You closely miss Pargi.
Pargi is severely wounded.
Pargi closely misses you. Pargi claws you.
* * * LOW HITPOINT WARNING * * *
Pargi claws you.
* * * LOW HITPOINT WARNING * * *
Pargi bites you.
You die...

### #∩# #.# #.#
####### #.#
##.....## #.#
##...≈...## #.#
#.††≈≈≈...#######.#
∩∩.≈≈≈≈≈.......T@.#
#...≈≈≈...#######.#
##...≈...## #.#
##.....## #.#
####### #.# ...
..... .......
#.......#


You could see Pargi.

Vanquished Creatures
  A black bear (D:3)
  An adder (D:3)
  2 dart slugs (D:2)
  An orc (D:2)
  15 bats
  2 endoplasms
  A giant cockroach (D:1)
  5 goblins
  7 hobgoblins
  4 jackals (D:2)
  5 quokkas
  5 ball pythons
  2 frilled lizards (D:1)
  4 kobolds (D:1)
  5 rats
60 creatures vanquished.

Notes
Turn   | Place    | Note
-------+----------+-------------------------------------------
     0 | D:1      | issech the Troll Monk began the quest for the Orb.
     0 | D:1      | Reached XP level 1. HP: 22/22 MP: 0/0
   181 | D:1      | Reached XP level 2. HP: 26/29 MP: 1/1
   218 | D:1      | Found a faded altar of an unknown god.
   562 | D:1      | Reached skill level 3 in Maces & Flails
  1018 | D:2      | Reached XP level 3. HP: 36/36 MP: 2/2
  1643 | D:3      | Reached XP level 4. HP: 45/45 MP: 3/3
  1834 | D:3      | Noticed a black bear
  1906 | D:3      | Killed a black bear
  1907 | D:3      | Reached skill level 4 in Maces & Flails
  1907 | D:3      | Reached XP level 5. HP: 31/53 MP: 4/4
  1932 | D:4      | Noticed a phantom
  1942 | D:4      | Found a glowing drain.
  1943 | D:4      | Found a staircase to the Ecumenical Temple.
  1948 | Sewer    | Entered a sewer
  2011 | Sewer    | Noticed Pargi
  2074 | Sewer    | Slain by Pargi

Illustrated notes

Levels and vault maps discovered:
D:1:      dpeg_arrival_rooms_with_view, layout_loops_ring,
          dreamdust_ecumenical_altar_grove, chequers_serial_rivers_micro_e,
          minmay_misc_feat_iff, minivault_14
D:2:      layout_rooms
D:3:      layout_loops_ring, pf_just_have_faith, grunt_decor_clamped
D:4:      layout_rooms, temple_statues, cheibrodos_sewer_entry_sluice,
          serial_co_window_serial, co_window_cross_1, co_window_corner_a,
          co_window_corner_a, co_window_corner_a, co_window_paths_a,
          co_window_corner_ca, co_window_broadway_c, co_window_2corner,
          co_window_of_opportunity_c, co_window_2corner,
          co_window_unsneaky_path_b, co_window_4corner_b, glass_columns_b,
          uniq_ijyb, uniq_grinder, uniq_duvessa
Sewer:    sewer_big_baddie

Skill      XL: |  1  2  3  4 |
---------------+-------------+-----
Maces & Flails | 3 4 |  4.2
Fighting       | 3 |  3.1
Dodging        | 3 |  3.1
Stealth        | |  1.2

Action                   |  1- 3 |  4- 6 || total
-------------------------+-------+-------++-------
Melee: Mace              |   169 |    64 ||   233
       Punch             |     2 |     1 ||     3
Evoke: Wand              |       |     9 ||     9
 Stab: Sleeping          |     3 |     1 ||     4
Armor: Robe              |   100 |    62 ||   162
Dodge: Dodged            |   152 |   106 ||   258
